 Dungeon Crawl Stone Soup version 0.27.1-16-g815e20cd7a (webtiles) character file.

Game seed: 7845655945132593814

5 styxcanada the Sneak (level 1, 0/10 HPs)
             Began as a Spriggan Brigand on Nov 22, 2021.
             Slain by a hobgoblin (3 damage)
             ... on level 1 of the Dungeon.
             The game lasted 00:01:13 (123 turns).

styxcanada the Sneak (Spriggan Brigand)              Turns: 123, Time: 00:01:14

Health: 0/10       AC:  3    Str:  7    XL:     1   Next: 66%
Magic:  2/2        EV: 16    Int: 12    God:
Gold:   22         SH:  0    Dex: 16    Spells: 0/0 levels left

rFire    . . .     SeeInvis +   a - +2 dagger
rCold    . . .     Faith    .   (shield restricted)
rNeg     . . .     Spirit   .   b - +0 robe
rPois    .         Reflect  .   (helmet restricted)
rElec    .         Harm     .   c - +0 cloak
rCorr    .         Rampage  .   (gloves unavailable)
Will     .....                  (boots unavailable)
Stlth    +++.......             (no amulet)
HPRegen  0.03/turn              (no ring)
MPRegen  0.08/turn              (no ring)

@: very quick
A: very small, no large weapons, unfitting armour, see invisible, speed 3
a: no special abilities


You were on level 1 of the Dungeon.
You visited 1 branch of the dungeon, and saw 1 of its levels.

You collected 22 gold pieces.

Inventory:

Hand Weapons
 a - a +2 dagger (weapon)
Missiles
 d - 8 poisoned darts (quivered)
 e - 2 curare-tipped darts
Armour
 b - a +0 robe (worn)
 c - a +0 cloak (worn)


   Skills:
 * Level 1.6 Fighting
 + Level 2.3 Short Blades
 + Level 2.0 Throwing
 * Level 1.5 Dodging
 * Level 6.1 Stealth


You couldn't memorise any spells.
You didn't know any spells.
Your spell library was empty.

Dungeon Overview and Level Annotations

Branches:
Dungeon (1/15)

Altars:


Innate Abilities, Weirdness & Mutations

You are very small and have problems with some larger weapons.
You are too small for most types of armour.
You have supernaturally acute eyesight. (SInv)
You cover ground extremely quickly. (Speed+++)


Message History

The poisoned dart hits the hobgoblin.
The hobgoblin looks even sicker.
The hobgoblin is heavily wounded.
You hit the rat.
The rat is heavily wounded.
The rat misses you.
You hit the rat but do no damage.
The rat is heavily wounded.
You kill the hobgoblin!
The rat misses you.
You hit the rat.
You kill the rat!
You hit the quokka.
The quokka is almost dead.
The quokka closely misses you.
You hit the quokka.
The quokka is almost dead.
The quokka bites you.
You barely miss the quokka.
The quokka is almost dead.
The quokka bites you but does no damage.
You barely miss the quokka.
The quokka is almost dead.
The quokka barely misses you.
You hit the quokka.
You kill the quokka!
You see here a rat corpse.
d - 7 poisoned darts (gained 2)
d - 8 poisoned darts (gained 1)
A hobgoblin comes into view.
You hit the hobgoblin.
The hobgoblin is heavily wounded.
The hobgoblin hits you.
* * * LOW HITPOINT WARNING * * *
You closely miss the hobgoblin.
The hobgoblin is heavily wounded.
The hobgoblin closely misses you.
You hit the hobgoblin.
The hobgoblin is almost dead.
The hobgoblin hits you.
You die...

.... #.# .... #.#
.... ##### #.# ###.
...# ###.##
#########.###....##
....†.........P...#
########..#..P..#.#
# #..##..PP..# #
#..##.♣♣♣@.# #
#..##.♣♣g♣P.# ##
#..##.P♣♣ ♣...# .#
.......P P...# .###
##..###.PP ..P#
...##.# .#. .##
......# .## ##
...#### .# .######


You could see a hobgoblin.

Vanquished Creatures
  A goblin (D:1)
  A hobgoblin (D:1)
  A quokka (D:1)
  A bat (D:1)
  A rat (D:1)
5 creatures vanquished.

Vanquished Creatures (others)
  A plant (D:1)
1 creature vanquished.

Grand Total: 6 creatures vanquished

Notes
Turn   | Place    | Note
-------+----------+-------------------------------------------
     0 | D:1      | styxcanada the Spriggan Brigand began the quest for the
                  | Orb.
     0 | D:1      | Reached XP level 1. HP: 10/10 MP: 2/2
    66 | D:1      | Reached skill level 6 in Stealth
   123 | D:1      | Slain by a hobgoblin

Illustrated notes

Levels and vault maps discovered:
D:1:      wander_arrival_peaceful_grave, layout_loops_ring, serial_forest,
          infiniplex_forest_straight_5, infiniplex_forest_clump_tiny,
          infiniplex_forest_clump_curved, infiniplex_forest_clump_long,
          infiniplex_forest_straight_2, infiniplex_forest_straight_3,
          infiniplex_forest_clump_curved

Skill      XL: |  1 |
---------------+----+-----
Stealth        | 6 |  6.1
Fighting       | |  1.6
Short Blades   | |  2.3
Throwing       | |  2.0
Dodging        | |  1.5

Action                   || total
-------------------------++-------
Melee: Dagger            ||    16
Throw: Dart              ||     3
 Stab: Sleeping          ||     1
Armor: Robe              ||     2
Dodge: Dodged            ||     8
